 Dungeon Crawl Stone Soup version 0.31-a0-604-g8e0283293c (webtiles) character file.

Game seed: 12973782161820972031

54 tilp the Vexing (level 3, 0/26 HPs)
             Began as a Vampire Enchanter on Aug 21, 2023.
             Splashed by a jelly's acid (7 damage)
             ... on level 3 of the Dungeon.
             The game lasted 00:01:56 (1129 turns).

tilp the Vexing (Vampire Enchanter)                 Turns: 1129, Time: 00:01:57

Health: 0/26       AC: -1    Str:  7    XL:     3   Next: 66%
Magic:  3/6        EV: 12    Int: 19    God:
Gold:   64         SH:  0    Dex: 14    Spells: 1/6 levels left

rFire   . . .        a - +3 dagger
rCold   . . .        (no shield)
rNeg    . . .        b - +1 robe
rPois   .            (no helmet)
rElec   .            (no cloak)
rCorr   .            (no gloves)
SInv    +            (no boots)
Will    .....        (no amulet)
Stlth   +++          (no ring)
HPRegen 0.44/turn    (no ring)
MPRegen 0.10/turn

%: no passive effects
@: corroded, healing quickly
A: alive, fangs 3, see invisible, vampiric 2
a: Exsanguinate


You were on level 3 of the Dungeon.
You visited 1 branch of the dungeon, and saw 3 of its levels.

You collected 64 gold pieces.

Inventory:

Hand Weapons
 a - a +3 dagger (weapon)
Missiles
 e - 6 darts of dispersal
 h - a throwing net
 i - 8 stones
Armour
 b - a +1 robe (worn)
Scrolls
 g - a scroll of torment {unknown}
Potions
 c - 2 potions of invisibility
 d - 2 potions of mutation
 f - a potion of curing {unknown}


   Skills:
 * Level 1.3 Fighting
 * Level 2.1 Short Blades
 + Level 2.6 Dodging
 + Level 4.8 Stealth
 + Level 2.2 Spellcasting
 + Level 4.8 Hexes


You had one spell level left.
You knew the following spells:

 Your Spells              Type           Power      Damage    Failure   Level
a - Ensorcelled Hibernat  Hex/Ice        22%        N/A       10%         2
b - Confusing Touch       Hex            20%        N/A       7%          3

Your spell library contained the following spells:

 Spells                   Type           Power      Damage    Failure   Level
 Tukima's Dance           Hex            20%        N/A       7%          3
 Dazzling Flash           Conj/Hex       22%        N/A       19%         3
 Blink                    Tloc           4%         N/A       26%         2
 Lesser Beckoning         Tloc           4%         N/A       26%         2
 Momentum Strike          Conj/Tloc      4%         3d8       26%         2
 Volatile Blastmotes      Fire/Tloc      4%         2d10      45%         3
 Starburst                Conj/Fire      1%         6d3       100%        6
 Maxwell's Capacitive Co  Air            1%         ∞         100%        8


Dungeon Overview and Level Annotations

Branches:
Dungeon (2/15)

Altars:


Innate Abilities, Weirdness & Mutations

Your natural rate of healing is accelerated.
You have razor-sharp teeth.
You have supernaturally acute eyesight. (SInv)
You are afflicted with vampirism and can become a bat while bloodless.


Message History

The jelly quivers.
The ufetubus attacks as it pursues you! The ufetubus closely misses you.
The ufetubus hits you. The ufetubus barely misses you. The ufetubus misses you.
The ufetubus attacks as it pursues you! The ufetubus closely misses you.
The ufetubus hits you but does no damage. x3
Casting: Ensorcelled Hibernation (safe; 10% risk of failure)
Confirm with . or Enter, or press ? or * to list all spells.
Okay, then.
Unknown command.
Casting: Confusing Touch (quite dangerous; 7% risk of failure)
Confirm with . or Enter, or press ? or * to list all spells.
Your hands begin to glow red.
The ufetubus hits you. The ufetubus barely misses you.
Unknown command.
You hit the ufetubus but do no damage. The ufetubus hits you.
The ufetubus hits you but does no damage.
The ufetubus hits you. The ufetubus closely misses you.
The ufetubus attacks as it pursues you! The ufetubus hits you.
The ufetubus misses you. The jelly attacks as it pursues you!
The jelly hits you but does no damage. The ufetubus barely misses you.
The ufetubus hits you.
You barely miss the ufetubus. The ufetubus hits you. The ufetubus misses you.
The ufetubus barely misses you. The ufetubus misses you.
You closely miss the ufetubus. Your bite misses the ufetubus.
The ufetubus hits you but does no damage.
The ufetubus barely misses you.
You hit the ufetubus but do no damage.
The ufetubus appears confused.
The ufetubus hits the jelly.
The ufetubus is burned by acid!
The ufetubus hits the jelly.
The acid corrodes the ufetubus!
The ufetubus is burned by acid!
The ufetubus hits the jelly.
The ufetubus is burned by acid!
The ufetubus dies!
The jelly attacks as it pursues you! The jelly misses you.
You hit the jelly.
Your hands burn!
* * * LOW HITPOINT WARNING * * *
The jelly is almost dead.
The jelly hits you.
* * * LOW HITPOINT WARNING * * *
The acid corrodes you!
You are splashed with acid!
You die...

##.#.###.###.# .#
#....##...##.# ##.#
........#....####..######
#...###..................
#.).# ##........†......#
#..[# #...#.####..###.#
#...# #...#.## #..#
....####......###..#
..#............J@..#
#.............###.##
#>#..........## #.#
#..........######.#
######.##.$.J<....#
#.##?######... ..##.# .##
#####.# #.#


You could see a jelly.

Vanquished Creatures
  2 adders
  3 dart slugs
  An orc (D:3)
  3 ball pythons (D:1)
  2 bats (D:1)
  4 endoplasms (D:1)
  A giant cockroach (D:1)
  A goblin (D:1)
  2 hobgoblins
  2 jackals (D:3)
  3 kobolds
  2 frilled lizards (D:1)
  2 rats (D:1)
28 creatures vanquished.

Vanquished Creatures (others)
  An ufetubus (D:3)
1 creature vanquished.

Grand Total: 29 creatures vanquished

Notes
Turn   | Place    | Note
-------+----------+-------------------------------------------
     0 | D:1      | tilp the Vampire Enchanter began the quest for the Orb.
     0 | D:1      | Reached XP level 1. HP: 13/13 MP: 3/3
   276 | D:1      | Reached XP level 2. HP: 20/20 MP: 5/5
   282 | D:1      | Learned a level 2 spell: Ensorcelled Hibernation
   762 | D:2      | Reached skill level 1 in Fighting
   762 | D:2      | Gained mutation: You are afflicted with vampirism and can
                  | become a bat while bloodless. [Vampire growth]
   762 | D:2      | Reached XP level 3. HP: 26/26 MP: 1/6
   771 | D:2      | Learned a level 3 spell: Confusing Touch
   992 | D:2      | You fall into a shaft and drop 1 floor!
  1129 | D:3      | Splashed by a jelly's acid

Illustrated notes

Levels and vault maps discovered:
D:1:      psy_arrival_dodecagon, layout_basic, serial_forest,
          infiniplex_forest_zigzag_1, infiniplex_forest_diagonal,
          infiniplex_forest_clump_double, infiniplex_forest_clump_small,
          infiniplex_forest_clump_tiny, infiniplex_forest_lined_1,
          infiniplex_forest_zigzag_1
D:2:      layout_basic, basic_altar, dk_noncrumbling_4, minmay_pentomino_t2,
          uniq_crazy_yiuf_cottage
D:3:      layout_loops_ring, mainiacjoe_overflow_boulevard, marbit_many_paths,
          hellmonk_ecumenical_altar_inner_sanctum, ebering_ghost_rock_garden

Skill      XL: |  1  2  3 |
---------------+----------+-----
Fighting       | 1 |  1.3
Short Blades   | 2 |  2.1
Dodging        | |  2.6
Stealth        | |  4.8
Spellcasting   | |  2.2
Hexes          | |  4.8

Action                     || total
---------------------------++-------
  Melee: Dagger            ||    88
         Bite              ||     6
   Cast: Ensorcelled Hiber ||     6
         Confusing Touch   ||     1
    Use: Scroll            ||     7
   Stab: Sleeping          ||     9
 Armour: Robe              ||    16
  Dodge: Dodged            ||    56

Table legend: (Time is in decaauts)
 A = Elapsed time spent in this place.
 B = Non-inter-level travel time spent in this place.
 C = Inter-level travel time spent in this place.
 D = Time resting spent in this place.
 E = Time spent auto-exploring this place.
 F = Levels seen in this place.
 G = Mean time per level.
                   A        B        C        D        E       F      G
               +--------+--------+--------+--------+--------+-----+--------+
         Total |   1121 |   1117 |      4 |     18 |    860 |   3 |  373.7 |
       Dungeon |   1121 |   1117 |      4 |     18 |    860 |   3 |  373.7 |
               +--------+--------+--------+--------+--------+-----+--------+

Top non-repeatable levels by time:
     D:1: 687 daAuts
     D:2: 299 daAuts
     D:3: 134 daAuts
